 Dungeon Crawl Stone Soup version 0.29.0-4-gdea44cf6ec (webtiles) character file.

Game seed: 6938449679357640488

13131 qw the Cleaver (level 12, -3/76 HPs)
             Began as a Gargoyle Fighter on Sept 10, 2022.
             Was a High Priest of Okawaru.
             Slain by a sixfirhy (9 damage)
             ... led by a cacodemon
             ... on level 1 of the Abyss.
             The game lasted 00:05:01 (11841 turns).

qw the Cleaver (Gargoyle Fighter)                  Turns: 11841, Time: 00:05:02

Health: -3/76      AC: 33    Str: 25    XL:     12   Next: 2%
Magic:  17/17      EV: 10    Int:  9    God:    Okawaru [*****.]
Gold:   311        SH:  6    Dex:  9    Spells: 11/11 levels left

rFire   . . .      SeeInvis .   Y - +3 war axe (vorpal)
rCold   . . .      Faith    .   c - +0 buckler
rNeg    + . .      Spirit   .   s - +0 plate armour
rPois   inf        Reflect  .   j - +0 helmet
rElec   +          Harm     .   n - +2 cloak
rCorr   .          Rampage  .   p - +0 pair of gloves
Will    .....                   f - +0 pair of boots
Stlth   ..........              g - amulet of the acrobat
HPRegen 0.22/turn               (no ring)
MPRegen 0.15/turn               (no ring)

@: heroic
A: sickness immunity, AC +8, negative energy resistance 1, electricity
resistance, torment resistance 1, petrification resistance
a: Renounce Religion, Heroism, Finesse, Duel


You were on level 1 of the Abyss.
You worshipped Okawaru.
Okawaru was extremely pleased with you.
You visited 1 branch of the dungeon, and saw 10 of its levels.
You visited the Abyss 1 time.

You collected 874 gold pieces.
You spent 563 gold pieces at shops.


Innate Abilities, Weirdness & Mutations

You are immune to sickness and miasma.
Your stone body is resilient. (AC +8)
You are immune to poison.
You resist negative energy. (rN+)
You are resistant to electric shocks. (rElec)
You are resistant to unholy torment.
You are immune to petrification.


   Skills:
 - Level 9.1(14.1) Fighting
 - Level 11.0(16.0) Axes
 - Level 4.1(9.1) Throwing
 + Level 8.9(13.9) Armour
 - Level 4.1(9.1) Dodging
 - Level 5.0(10.0) Shields
 + Level 7.4 Invocations


You had 11 spell levels left.
You didn't know any spells.
Your spell library was empty.

Inventory:

Hand Weapons
 l - a +0 morningstar
 Y - a +3 vorpal war axe (weapon)
Missiles
 b - 2 boomerangs
 x - 4 javelins (quivered)
Armour
 c - a +0 buckler (worn)
 f - a +0 pair of boots (worn)
 j - a +0 helmet (worn)
 n - a +2 cloak (worn)
 p - a +0 pair of gloves (worn)
 s - a +0 plate armour (worn)
Jewellery
 g - an amulet of the acrobat (around neck)
Scrolls
 a - a scroll of identify
Potions
 d - a potion of might
 e - a potion of attraction
 h - a potion of cancellation
 i - 2 potions of curing
 m - 3 potions of lignification
 o - 2 potions of resistance
 q - 3 potions of haste

Dungeon Overview and Level Annotations

Branches:
Dungeon (10/15)            Temple (0/1) D:7            Lair (0/5) D:10
    Orc: D:9-12

Altars:
Elyvilon
Hepliaklqana
Nemelex Xobeh
Okawaru
Sif Muna
Trog
Vehumet
Wu Jian

Shops:
D:5 (   D:8 *   D:10 *

Annotations:
D:9 3 runed translucent doors, qw's ghost, novice MiBe
D:10 Psyche


Message History

You slash the sixfirhy! The sixfirhy closely misses you.
The sixfirhy hits you but does no damage.
You slash the fire dragon skeleton!
The fire dragon skeleton is almost destroyed.
You hit the sixfirhy.
A sixfirhy comes into view.
The fire dragon skeleton misses you.
The fire dragon skeleton claws you but does no damage.
The fire dragon skeleton tramples you but does no damage.
An orange demon comes into view.
The orange demon screeches!
You hit the fire dragon skeleton.
You destroy the fire dragon skeleton!
Okawaru accepts your kill.
You can now enter into single combat with a foe.
Okawaru will now gift you equipment as you gain piety.
You closely miss the sixfirhy. You miss the sixfirhy.
The sixfirhy is moderately wounded.
You closely miss the sixfirhy. You hit the cacodemon.
The cacodemon is lightly wounded.
You closely miss the sixfirhy.
The sixfirhy hits you but does no damage.
You closely miss the cacodemon.
The cacodemon is lightly wounded.
You slash the sixfirhy! x2
The sixfirhy hits you but does no damage.
You block the sixfirhy's attack.
A white imp comes into view.
The sixfirhy hits you but does no damage.
A quasit comes into view.
The white imp shouts!
The quasit gives a chilling moan.
You slash the sixfirhy!
The sixfirhy is severely wounded.
You hit the sixfirhy. You hit the cacodemon but do no damage.
The sixfirhy hits you but does no damage. x2
The sixfirhy hits you!
You die...

. .... #. .
##.......#... #
...........### .
##.......'..#..
#..........#
###?.....#...#
#............# ..
#...........#5...#
#.....@...8...#.#
#....323........ .
#......8.8....#.#.#
.#.............#.
##.......8......#..
#...4...........#
.#
..............###.#
...5..........# #.
......##.. ..#


You could see a cacodemon, an orange demon, 2 sixfirhies, a quasit and a white
imp.

Vanquished Creatures
  A starcursed mass (Abyss:1)
  A two-headed ogre (D:8)
  Nergalle (D:10)
  A sixfirhy (Abyss:1)
  Lodul (D:10)
  Pikel (D:5)
  2 large abominations (Abyss:1)
  Joseph (D:7)
  A komodo dragon (D:10)
  An ancient zyme (Abyss:1)
  2 trolls
  2 hornets
  A fire dragon skeleton (Abyss:1)
  10 yaks
  A redback (shapeshifter) (D:10)
  Menkaure (D:5)
  3 acid dragons
  Duvessa (D:5)
  2 water moccasins
  A sky beast (D:7)
  A black bear (D:6)
  7 orc warriors
  3 small abominations (Abyss:1)
  10 ogres
  3 centaurs
  4 lemures (D:5)
  A kobold brigand (D:10)
  5 bullfrogs
  3 necrophages
  A gnoll sergeant (D:8)
  15 wights
  Dowan (D:5)
  8 killer bees (D:10)
  A howler monkey (D:6)
  2 hounds
  2 gnoll boudas (D:6)
  4 orc priests
  An iguana (D:7)
  Ijyb (D:4)
  Terence (D:3)
  15 orc wizards
  6 adders
  17 gnolls
  3 white imps
  4 ufetubi
  2 worms
  2 dart slugs
  32 orcs
  15 ball pythons
  12 endoplasms
  15 giant cockroaches
  6 goblins
  5 hobgoblins
  4 jackals (D:5)
  4 quokkas
  3 bats (D:1)
  A frilled lizard (D:1)
  8 kobolds
  4 rats
  A spectral goblin (D:9)
268 creatures vanquished.

Vanquished Creatures (others)
  10 fungi (D:5)
  15 plants (D:10)
  2 toadstools (D:5)
27 creatures vanquished.

Grand Total: 295 creatures vanquished

Notes
Turn   | Place    | Note
-------+----------+-------------------------------------------
     0 | D:1      | qw the Gargoyle Fighter began the quest for the Orb.
     0 | D:1      | Reached XP level 1. HP: 14/14 MP: 1/1
     0 | D:1      | 0 ||| qw: Version: 0.1-a-116-g5d60599
     0 | D:1      | 0 ||| qw: Game counter: 7504
     0 | D:1      | 0 ||| qw: Always use a shield: true
     0 | D:1      | 0 ||| qw: God list: Okawaru
     0 | D:1      | 0 ||| qw: Allow faded altars: false
     0 | D:1      | 0 ||| qw: Do Orc after D:15 true
     0 | D:1      | 0 ||| qw: Do second Lair branch before Depths: true
     0 | D:1      | 0 ||| qw: Lair rune preference: random
     0 | D:1      | 0 ||| qw: Plans: Normal, Zot, God:TSO, Crypt, Tomb, Zig,
                  | Orb
     0 | D:1      | 0 ||| PLANNING D:1-11
    82 | D:1      | Reached skill level 2 in Axes
   124 | D:1      | Reached XP level 2. HP: 17/19 MP: 2/2
   165 | D:1      | 165 ||| Stepping ~*~*~tactically~*~*~ (stealth).
   325 | D:1      | Reached skill level 3 in Axes
   528 | D:1      | Reached XP level 3. HP: 23/23 MP: 3/3
   652 | D:1      | Found a faded altar of an unknown god.
   676 | D:1      | 676 ||| Stepping ~*~*~tactically~*~*~ (stealth).
  1182 | D:1      | 1182 ||| UPGRADING to +0 pair of boots.
  1187 | D:1      | 1187 ||| UPGRADING to +0 helmet.
  1192 | D:1      | 1192 ||| DROPPING amulet of magic regeneration.
  1193 | D:1      | 1193 ||| READING 2 scrolls labelled GYIHUI CERHUENU.
  1216 | D:2      | 1216 ||| STAIRDANCE
  1227 | D:2      | 1227 ||| Stepping ~*~*~tactically~*~*~ (stealth).
  1229 | D:2      | 1229 ||| Stepping ~*~*~tactically~*~*~ (stealth).
  1257 | D:2      | 1257 ||| Stepping ~*~*~tactically~*~*~ (stealth).
  1413 | D:2      | Reached XP level 4. HP: 28/28 MP: 4/4
  1413 | D:2      | 1413 ||| Stepping ~*~*~tactically~*~*~ (stealth).
  1535 | D:2      | Reached skill level 4 in Axes
  1690 | D:2      | Identified the +6 sling "Rearr" {flame, *Corrode +Blink
                  | Int-5 SInv}
  2117 | D:2      | 2117 ||| UPGRADING to +2 cloak.
  2122 | D:2      | 2122 ||| READING scroll labelled JAZOAZ AMUH.
  2123 | D:2      | 2123 ||| READING 2 scrolls labelled QUREINAEME.
  2124 | D:2      | 2124 ||| READING scroll of enchant weapon.
  2124 | D:2      | 2124 ||| ENCHANTING +1 war axe.
  2125 | D:2      | 2125 ||| READING scroll labelled QALUZY ETZAOTH.
  2129 | D:2      | 2129 ||| DRINKING 2 lumpy blue potions.
  2130 | D:2      | 2130 ||| READING 4 scrolls of identify.
  2130 | D:2      | 2130 ||| IDENTIFYING silvery potion
  2131 | D:2      | 2131 ||| READING 3 scrolls of identify.
  2131 | D:2      | 2131 ||| IDENTIFYING metallic white potion
  2132 | D:2      | 2132 ||| READING 2 scrolls of identify.
  2132 | D:2      | 2132 ||| IDENTIFYING fizzy coppery potion
  2133 | D:2      | 2133 ||| DROPPING potion of flight.
  2306 | D:3      | 2306 ||| Stepping ~*~*~tactically~*~*~ (stealth).
  2307 | D:3      | 2307 ||| Stepping ~*~*~tactically~*~*~ (stealth).
  2316 | D:3      | Reached XP level 5. HP: 13/32 MP: 5/5
  2508 | D:3      | 2508 ||| DROPPING +0 mace.
  2542 | D:3      | Noticed Terence
  2553 | D:3      | Killed Terence
  2554 | D:3      | Reached skill level 5 in Axes
  3177 | D:3      | 3177 ||| UPGRADING to +0 chain mail.
  3187 | D:3      | 3187 ||| DROPPING +0 scale mail.
  3188 | D:3      | 3188 ||| UPGRADING to +0 pair of gloves.
  3193 | D:3      | 3193 ||| READING scroll labelled NOBILEZIUTS.
  3194 | D:3      | 3194 ||| READING scroll labelled SAEMMO DAKKUI.
  3195 | D:3      | 3195 ||| READING 2 scrolls of identify.
  3195 | D:3      | 3195 ||| IDENTIFYING black potion
  3326 | D:4      | 3326 ||| FLEEEEING.
  3327 | D:4      | 3327 ||| FLEEEEING.
  3328 | D:4      | 3328 ||| FLEEEEING.
  3329 | D:4      | 3329 ||| FLEEEEING.
  3333 | D:4      | 3333 ||| FLEEEEING.
  3334 | D:4      | 3334 ||| FLEEEEING.
  3344 | D:4      | 3344 ||| Stepping ~*~*~tactically~*~*~ (hiding).
  3387 | D:4      | 3387 ||| Stepping ~*~*~tactically~*~*~ (hiding).
  3389 | D:4      | 3389 ||| Stepping ~*~*~tactically~*~*~ (hiding).
  3402 | D:4      | Reached XP level 6. HP: 36/38 MP: 6/6
  3431 | D:4      | Noticed an orc warrior
  3443 | D:4      | Killed an orc warrior
  3657 | D:4      | Noticed Ijyb
  3658 | D:4      | 3658 ||| Stepping ~*~*~tactically~*~*~ (hiding).
  3659 | D:4      | 3659 ||| Stepping ~*~*~tactically~*~*~ (hiding).
  3664 | D:4      | Killed Ijyb
  3665 | D:4      | Reached skill level 6 in Axes
  4104 | D:4      | 4104 ||| UPGRADING to +0 plate armour.
  4114 | D:4      | 4114 ||| DROPPING +0 chain mail.
  4115 | D:4      | 4115 ||| READING scroll labelled YSHRAO LEPYN OPHING.
  4116 | D:4      | 4116 ||| DRINKING 3 inky potions.
  4117 | D:4      | 4117 ||| READING 3 scrolls of identify.
  4117 | D:4      | 4117 ||| IDENTIFYING smoky silvery potion
  4118 | D:4      | 4118 ||| READING 2 scrolls of identify.
  4118 | D:4      | 4118 ||| IDENTIFYING sedimented emerald potion
  4119 | D:4      | 4119 ||| DROPPING 2 potions of brilliance.
  4157 | D:5      | Entered Level 5 of the Dungeon
  4165 | D:5      | Reached XP level 7. HP: 31/43 MP: 7/7
  4307 | D:5      | Noticed Duvessa
  4308 | D:5      | 4308 ||| Stepping ~*~*~tactically~*~*~ (stealth).
  4309 | D:5      | 4309 ||| Stepping ~*~*~tactically~*~*~ (stealth).
  4313 | D:5      | Noticed Dowan
  4314 | D:5      | 4314 ||| Stepping ~*~*~tactically~*~*~ (stealth).
  4315 | D:5      | 4315 ||| Stepping ~*~*~tactically~*~*~ (stealth).
  4317 | D:5      | Killed Duvessa
  4329 | D:5      | 4329 ||| Stepping ~*~*~tactically~*~*~ (stealth).
  4354 | D:5      | 4354 ||| Stepping ~*~*~tactically~*~*~ (stealth).
  4361 | D:5      | 4361 ||| Stepping ~*~*~tactically~*~*~ (hiding).
  4362 | D:5      | 4362 ||| Stepping ~*~*~tactically~*~*~ (hiding).
  4364 | D:5      | 4364 ||| Stepping ~*~*~tactically~*~*~ (hiding).
  4365 | D:5      | 4365 ||| Stepping ~*~*~tactically~*~*~ (hiding).
  4376 | D:5      | Killed Dowan
  4451 | D:5      | Found Nagiteh's Weapon Boutique.
  4516 | D:5      | Noticed Pikel
  4539 | D:5      | HP: 7/43 [Pikel/+2 whip of flaming (7)]
  4539 | D:5      | HP: 3/43 [Pikel/+2 whip of flaming (4)]
  4540 | D:5      | 4540 ||| READING 2 scrolls of teleportation.
  4541 | D:5      | 4541 ||| DRINKING 2 potions of heal wounds.
  4719 | D:5      | Noticed Menkaure
  4730 | D:5      | Reached skill level 7 in Axes
  4734 | D:5      | HP: 10/43 [??? (2)]
  4735 | D:5      | 4735 ||| READING scroll of teleportation.
  4736 | D:5      | 4736 ||| DRINKING potion of heal wounds.
  4862 | D:5      | 4862 ||| Stepping ~*~*~tactically~*~*~ (stealth).
  4864 | D:5      | 4864 ||| Stepping ~*~*~tactically~*~*~ (stealth).
  4865 | D:5      | 4865 ||| FLEEEEING.
  4866 | D:5      | 4866 ||| FLEEEEING.
  4867 | D:5      | 4867 ||| FLEEEEING.
  4868 | D:5      | 4868 ||| FLEEEEING.
  4869 | D:5      | 4869 ||| FLEEEEING.
  4870 | D:5      | 4870 ||| FLEEEEING.
  4871 | D:5      | 4871 ||| FLEEEEING.
  4872 | D:5      | 4872 ||| FLEEEEING.
  4873 | D:5      | 4873 ||| FLEEEEING.
  4874 | D:5      | 4874 ||| FLEEEEING.
  4877 | D:5      | 4877 ||| FLEEEEING.
  4878 | D:5      | 4878 ||| FLEEEEING.
  4879 | D:5      | 4879 ||| FLEEEEING.
  4880 | D:5      | 4880 ||| FLEEEEING.
  4881 | D:5      | 4881 ||| FLEEEEING.
  4882 | D:5      | 4882 ||| FLEEEEING.
  4884 | D:5      | 4884 ||| FLEEEEING.
  4885 | D:5      | 4885 ||| FLEEEEING.
  4886 | D:5      | 4886 ||| FLEEEEING.
  4887 | D:5      | 4887 ||| FLEEEEING.
  4888 | D:5      | 4888 ||| FLEEEEING.
  4889 | D:5      | 4889 ||| FLEEEEING.
  4891 | D:5      | 4891 ||| FLEEEEING.
  4892 | D:5      | 4892 ||| STAIRDANCE
  5063 | D:4      | 5063 ||| READING scroll labelled MUNKOAJ QYSOREX.
  5064 | D:4      | 5064 ||| READING 2 scrolls of identify.
  5064 | D:4      | 5064 ||| IDENTIFYING metallic dark potion
  5065 | D:4      | 5065 ||| DROPPING potion of berserk rage.
  5072 | D:5      | Killed Menkaure
  5073 | D:5      | Reached XP level 8. HP: 38/48 MP: 8/8
  5171 | D:5      | Found an iron altar of Okawaru.
  5237 | D:5      | Found a sparkling altar of Nemelex Xobeh.
  5612 | D:5      | Killed Pikel
  5730 | D:5      | Became a worshipper of Warmaster Okawaru
  5899 | D:6      | Reached skill level 1 in Throwing
  5950 | D:6      | Reached XP level 9. HP: 54/54 MP: 9/9
  5995 | D:6      | 5995 ||| Stepping ~*~*~tactically~*~*~ (stealth).
  5996 | D:6      | 5996 ||| Stepping ~*~*~tactically~*~*~ (stealth).
  6018 | D:6      | HP: 7/54 [gnoll/+0 halberd[a gnoll bouda] (10)]
  6019 | D:6      | 6019 ||| READING scroll of teleportation.
  6307 | D:6      | 6307 ||| Stepping ~*~*~tactically~*~*~ (stealth).
  6311 | D:6      | 6311 ||| Stepping ~*~*~tactically~*~*~ (hiding).
  6313 | D:6      | 6313 ||| Stepping ~*~*~tactically~*~*~ (hiding).
  6498 | D:6      | 6498 ||| Stepping ~*~*~tactically~*~*~ (stealth).
  6500 | D:6      | 6500 ||| Stepping ~*~*~tactically~*~*~ (hiding).
  6714 | D:6      | Reached skill level 8 in Axes
  6940 | D:6      | 6940 ||| READING scroll labelled ROLOAS COPTAR.
  6941 | D:6      | 6941 ||| READING scroll labelled KOIRHU WEURUAM.
  6969 | D:7      | 6969 ||| STAIRDANCE
  6978 | D:7      | 6978 ||| STAIRDANCE
  6991 | D:7      | 6991 ||| STAIRDANCE
  7006 | D:7      | Reached skill level 6 in Fighting
  7013 | D:7      | Reached * piety under Okawaru
  7014 | D:7      | 7014 ||| INVOKING Heroism.
  7016 | D:7      | Reached skill level 6 in Armour
  7036 | D:7      | 7036 ||| FLEEEEING.
  7037 | D:7      | 7037 ||| STAIRDANCE
  7162 | D:7      | 7162 ||| STAIRDANCE
  7178 | D:7      | Reached skill level 1 in Invocations
  7192 | D:7      | 7192 ||| READING scroll of brand weapon.
  7192 | D:7      | 7192 ||| BRANDING +2 war axe of protection.
  7207 | D:7      | 7207 ||| Stepping ~*~*~tactically~*~*~ (hiding).
  7209 | D:7      | 7209 ||| Stepping ~*~*~tactically~*~*~ (hiding).
  7287 | D:7      | 7287 ||| INVOKING Heroism.
  7309 | D:7      | Reached skill level 3 in Invocations
  7313 | D:7      | 7313 ||| FLEEEEING.
  7363 | D:7      | 7363 ||| Stepping ~*~*~tactically~*~*~ (hiding).
  7368 | D:7      | 7368 ||| INVOKING Heroism.
  7393 | D:7      | 7393 ||| DROPPING +0 flail.
  7475 | D:7      | 7475 ||| READING scroll of enchant weapon.
  7475 | D:7      | 7475 ||| ENCHANTING +2 vorpal war axe.
  7527 | D:7      | 7527 ||| Stepping ~*~*~tactically~*~*~ (hiding).
  7540 | D:7      | Reached skill level 9 in Axes
  7569 | D:7      | 7569 ||| Stepping ~*~*~tactically~*~*~ (hiding).
  7574 | D:7      | Reached XP level 10. HP: 60/60 MP: 13/13
  7760 | D:7      | Noticed Joseph
  7776 | D:7      | 7776 ||| INVOKING Heroism.
  7786 | D:7      | Killed Joseph
  7786 | D:7      | Reached ** piety under Okawaru
  7901 | D:7      | Found a staircase to the Ecumenical Temple.
  7937 | D:7      | 7937 ||| Stepping ~*~*~tactically~*~*~ (stealth).
  8001 | D:7      | Found a white marble altar of Elyvilon.
  8004 | D:7      | Found a bloodstained altar of Trog.
  8007 | D:7      | Found a shimmering blue altar of Sif Muna.
  8010 | D:7      | Found a radiant altar of Vehumet.
  8106 | D:8      | 8106 ||| INVOKING Heroism.
  8266 | D:8      | Found an ornate altar of the Wu Jian Council.
  8267 | D:8      | 8267 ||| Stepping ~*~*~tactically~*~*~ (hiding).
  8270 | D:8      | 8270 ||| Stepping ~*~*~tactically~*~*~ (hiding).
  8272 | D:8      | 8272 ||| INVOKING Heroism.
  8325 | D:8      | Found Ossytul's Assorted Antiques.
  8328 | D:8      | 8328 ||| BUYING potion of haste (300 gold).
  8328 | D:8      | Bought a potion of haste for 300 gold pieces
  8328 | D:8      | 8328 ||| BUYING scroll of identify (60 gold).
  8328 | D:8      | Bought a scroll of identify for 60 gold pieces
  8328 | D:8      | 8328 ||| BUYING scroll of teleportation (90 gold).
  8328 | D:8      | Bought a scroll of teleportation for 90 gold pieces
  8328 | D:8      | 8328 ||| SHOPLISTING scroll of teleportation (90 gold, have
                  | 81).
  8402 | D:8      | 8402 ||| Stepping ~*~*~tactically~*~*~ (hiding).
  8403 | D:8      | 8403 ||| Stepping ~*~*~tactically~*~*~ (hiding).
  8406 | D:8      | 8406 ||| INVOKING Heroism.
  8461 | D:8      | 8461 ||| Stepping ~*~*~tactically~*~*~ (hiding).
  8531 | D:8      | 8531 ||| Stepping ~*~*~tactically~*~*~ (stealth).
  8532 | D:8      | 8532 ||| Stepping ~*~*~tactically~*~*~ (stealth).
  8621 | D:8      | 8621 ||| INVOKING Heroism.
  8836 | D:8      | Noticed a two-headed ogre
  8837 | D:8      | 8837 ||| INVOKING Heroism.
  8842 | D:8      | Killed a two-headed ogre
  8945 | D:8      | 8945 ||| Stepping ~*~*~tactically~*~*~ (stealth).
  8947 | D:8      | 8947 ||| Stepping ~*~*~tactically~*~*~ (stealth).
  9024 | D:8      | 9024 ||| READING scroll labelled MIUBAP PUN.
  9025 | D:8      | 9025 ||| READING scroll labelled USIFU LACUARRO.
  9126 | D:8      | 9126 ||| READING scroll labelled LEGALEMERI.
  9127 | D:8      | 9127 ||| READING 3 scrolls of identify.
  9127 | D:8      | 9127 ||| IDENTIFYING purple potion
  9128 | D:8      | 9128 ||| READING 2 scrolls of identify.
  9128 | D:8      | 9128 ||| IDENTIFYING green potion
  9129 | D:8      | 9129 ||| DROPPING potion of ambrosia.
  9324 | D:9      | 9324 ||| Stepping ~*~*~tactically~*~*~ (stealth).
  9326 | D:9      | 9326 ||| Stepping ~*~*~tactically~*~*~ (hiding).
  9485 | D:9      | Found a runed translucent gate.
  9486 | D:9      | Found a runed translucent gate.
  9486 | D:9      | Noticed qw's ghost (novice MiBe)
  9486 | D:9      | Noticed a white ugly thing
  9487 | D:9      | Found a runed translucent gate.
  9575 | D:9      | Noticed a wizard
  9615 | D:9      | 9615 ||| INVOKING Heroism.
  9621 | D:9      | Reached *** piety under Okawaru
  9748 | D:9      | 9748 ||| INVOKING Heroism.
  9759 | D:9      | Reached skill level 10 in Axes
  9994 | D:9      | Found a hazy altar of Hepliaklqana.
 10116 | D:9      | 10116 ||| READING scroll labelled VUFA ODYMI.
 10186 | D:10     | Entered Level 10 of the Dungeon
 10241 | D:10     | Reached XP level 11. HP: 65/68 MP: 14/14
 10291 | D:10     | 10291 ||| INVOKING Heroism.
 10300 | D:10     | Received a gift from Okawaru
 10370 | D:10     | Found a staircase to the Lair.
 10372 | D:10     | 10372 ||| INVOKING Heroism.
 10433 | D:10     | Noticed Lodul
 10434 | D:10     | 10434 ||| Stepping ~*~*~tactically~*~*~ (hiding).
 10435 | D:10     | 10435 ||| INVOKING Heroism.
 10441 | D:10     | Received a gift from Okawaru
 10454 | D:10     | Reached **** piety under Okawaru
 10456 | D:10     | 10456 ||| INVOKING Heroism.
 10462 | D:10     | HP: 14/68 [Lodul/+0 dire flail (14)]
 10463 | D:10     | 10463 ||| READING 3 scrolls of teleportation.
 10464 | D:10     | 10464 ||| DRINKING potion of heal wounds.
 10746 | D:10     | Noticed Nergalle
 10747 | D:10     | 10747 ||| Stepping ~*~*~tactically~*~*~ (hiding).
 10748 | D:10     | 10748 ||| Stepping ~*~*~tactically~*~*~ (hiding).
 10749 | D:10     | 10749 ||| INVOKING Heroism.
 10763 | D:10     | Killed Nergalle
 10763 | D:10     | Received a gift from Okawaru
 10764 | D:10     | Reached skill level 11 in Axes
 10770 | D:10     | Killed Lodul
 10770 | D:10     | Noticed Psyche
 10784 | D:10     | HP: 14/69 [something (18)]
 10785 | D:10     | 10785 ||| READING 2 scrolls of teleportation.
 10787 | D:10     | Found Nelel's Assorted Antiques.
 10788 | D:10     | 10788 ||| READING scroll of teleportation.
 10789 | D:10     | 10789 ||| INVOKING Heroism.
 10789 | D:10     | HP: 12/69 [killer bee (3)]
 10858 | D:10     | 10858 ||| Stepping ~*~*~tactically~*~*~ (stealth).
 10877 | D:10     | 10877 ||| INVOKING Heroism.
 10895 | D:10     | 10895 ||| Invisible monster not found???
 11099 | D:10     | 11099 ||| BUYING glowing inky potion (26 gold).
 11099 | D:10     | Bought a glowing inky potion for 26 gold pieces
 11099 | D:10     | 11099 ||| BUYING scroll labelled CUONAXT TIMAEV (29 gold).
 11099 | D:10     | Bought a scroll labelled CUONAXT TIMAEV for 29 gold pieces
 11099 | D:10     | 11099 ||| BUYING scroll of identify (58 gold).
 11099 | D:10     | Bought a scroll of identify for 58 gold pieces
 11099 | D:10     | 11099 ||| SHOPLISTING shiny chain mail (217 gold, have
                  | 100).
 11137 | D:10     | 11137 ||| Stepping ~*~*~tactically~*~*~ (stealth).
 11146 | D:10     | 11146 ||| INVOKING Heroism.
 11174 | D:10     | 11174 ||| DRINKING 3 potions of curing.
 11174 | D:10     | 11174 ||| (to cure confusion)
 11386 | D:10     | 11386 ||| INVOKING Heroism.
 11460 | D:10     | 11460 ||| INVOKING Heroism.
 11469 | Abyss:1  | Cast into level 1 of the Abyss (Psyche)
 11470 | Abyss:1  | 11470 ||| UPGRADING to amulet of the acrobat.
 11475 | Abyss:1  | 11475 ||| DROPPING +6 ring of intelligence.
 11476 | Abyss:1  | 11476 ||| READING 2 scrolls labelled CUONAXT TIMAEV.
 11477 | Abyss:1  | 11477 ||| READING 2 scrolls of identify.
 11477 | Abyss:1  | 11477 ||| IDENTIFYING glowing inky potion
 11478 | Abyss:1  | 11478 ||| DROPPING potion of invisibility.
 11479 | Abyss:1  | 11479 ||| DROPPING scroll of fear.
 11627 | Abyss:1  | Noticed a starcursed mass
 11630 | Abyss:1  | 11630 ||| INVOKING Heroism.
 11653 | Abyss:1  | Killed a starcursed mass
 11654 | Abyss:1  | Reached skill level 9 in Fighting
 11654 | Abyss:1  | Reached skill level 6 in Invocations
 11709 | Abyss:1  | Noticed a large abomination
 11712 | Abyss:1  | 11712 ||| INVOKING Heroism.
 11721 | Abyss:1  | Killed a large abomination
 11726 | Abyss:1  | 11726 ||| INVOKING Heroism.
 11742 | Abyss:1  | 11742 ||| Stepping ~*~*~tactically~*~*~ (stealth).
 11784 | Abyss:1  | 11784 ||| INVOKING Heroism.
 11784 | Abyss:1  | Noticed a sixfirhy
 11794 | Abyss:1  | HP: 17/71 [sixfirhy (6)]
 11806 | Abyss:1  | HP: 14/71 [sixfirhy (2)]
 11807 | Abyss:1  | Killed a sixfirhy
 11807 | Abyss:1  | Reached ***** piety under Okawaru
 11808 | Abyss:1  | Reached XP level 12. HP: 12/76 MP: 17/17
 11825 | Abyss:1  | 11825 ||| INVOKING Heroism.
 11827 | Abyss:1  | Noticed a cacodemon
 11828 | Abyss:1  | 11828 ||| Stepping ~*~*~tactically~*~*~ (stealth).
 11832 | Abyss:1  | HP: 8/76 [fire dragon skeleton (9)]
 11841 | Abyss:1  | Slain by a sixfirhy

Levels and vault maps discovered:
D:1:      elethiomel_arrival_quiet, layout_loops_ring,
          hellmonk_ecumenical_altar_slurped_away, st_stairs_6,
          minmay_small_reverse_x
D:2:      minmay_roachtagon, layout_loops_ring
D:3:      layout_basic, uniq_terence
D:4:      layout_gridville, uniq_ijyb
D:5:      layout_loops_ring, mainiacjoe_overflow_paths, amcnicky_altar_gilded,
          serial_shops, nicolae_shop_bloodbath_and_beyond,
          minmay_gold_behind_fungi, guppyfry_early_orc_mine, uniq_pikel,
          uniq_menkaure, uniq_duvessa
D:6:      layout_basic
D:7:      layout_rooms, grunt_temple_overflow_cloverleaf,
          minmay_temple_entry_enclosed_plants, uniq_joseph
D:8:      layout_loops_cross, nicolae_wu_jian_wuxing_cycle, serial_shops,
          nicolae_shop_trees
D:9:      layout_basic, nicolae_hepliaklqana_monster_ancestors,
          gammafunk_ghost_split
D:10:     layout_irregular_city, david_lair_shrubbed, serial_shops, shop,
          serial_column_ruins, column_ruins_columns_dead_end,
          column_ruins_open_medium_water, column_ruins_corridor_dead_end,
          column_ruins_grid_4, column_ruins_corridor_dead_end, uniq_lodul,
          uniq_nergalle, uniq_psyche
Abyss:1:  base:
D:4

Skill      XL: |  1  2  3  4  5  6  7  8  9 10 11 |
---------------+----------------------------------+-----
Axes           | 2 3 4 5 6 7 9 10 11 | 11.0
Fighting       | 4 5 6 7 9 |  9.1
Armour         | 4 5 6 7 8 |  8.9
Dodging        | 4 |  4.1
Throwing       | 2 4 |  4.1
Invocations    | 4 7 |  7.4
Shields        | 4 5 |  5.0

Action                   |  1- 3 |  4- 6 |  7- 9 | 10-12 || total
-------------------------+-------+-------+-------+-------++-------
Melee: War axe           |   101 |   150 |   272 |   342 ||   865
Throw: Boomerang         |       |    25 |     5 |     4 ||    34
       Javelin           |       |       |    23 |    30 ||    53
Invok: Heroism           |       |       |     3 |    23 ||    26
  Use: Scroll            |     1 |    13 |     9 |    11 ||    34
       Potion            |       |     2 |     2 |     2 ||     6
Armor: Scale mail        |    48 |    44 |       |       ||    92
       Chain mail        |       |    19 |       |       ||    19
       Plate armour      |       |       |   279 |   188 ||   467
Dodge: Dodged            |    48 |    76 |   118 |   114 ||   356
Block: Buckler           |    14 |    21 |    50 |    49 ||   134

Table legend:
 A = Non-vault XP
 B = Vault XP
 C = Vault XP percentage of total XP
 D = Non-vault monster count
 E = Vault monster count
 F = Vault count percentage of total count
                 A         B        C        D         E       F
            +---------+---------+-------+---------+---------+-------
      Total |   14054 |    4705 |  25.1 |     219 |      45 |  17.0
            +---------+---------+-------+---------+---------+-------
        D:1 |      41 |      11 |  21.2 |      22 |       6 |  21.4
        D:2 |      63 |      22 |  25.9 |      22 |      11 |  33.3
        D:3 |      93 |      36 |  27.9 |      16 |       1 |   5.9
        D:4 |     238 |      36 |  13.1 |      15 |       1 |   6.2
        D:5 |     455 |    1173 |  72.1 |      14 |      11 |  44.0
        D:6 |     967 |       0 |   0.0 |      26 |       0 |   0.0
        D:7 |    1733 |     455 |  20.8 |      31 |       1 |   3.1
        D:8 |    2099 |       0 |   0.0 |      23 |       0 |   0.0
        D:9 |    1735 |       3 |   0.2 |      12 |       2 |  14.3
       D:10 |    3054 |    2969 |  49.3 |      27 |      12 |  30.8
    Abyss:1 |    3576 |       0 |   0.0 |      11 |       0 |   0.0
            +---------+---------+-------+---------+---------+-------
